cohdb
Replays
Latest Replays
All Replays
Popular Replays
Top Player Replays
Match Explorer
How It Works
Community
CoH3 Stats
Reddit
Sign in to upload your games and track your stats! →
Sign in with Steam
Match 46741661
Unlisted
Match 46741661
Overview
Messages
Build Orders
End
Kettenkrad Recon Vehicle
Construct Infanterie Kompanie
Grenadier Squad
MG 42 Machine Gun Team
MG 42 Machine Gun Team
Construct Panzergrenadier Kompanie
Selects Breakthrough Battlegroup
Selects Breakthrough Battlegroup
Selects Assault Grenadiers
Selects Rapid Production
251 Medium Carrier
Grenadier Squad
Pioneer Squad
Selects Smoke Bombing Run
Support Elements
Felisia_P
Elbehiri
sPriNg
JBQuib
Cpt Darling
jwalker987
0
0
Comments
sign in to comment!
No comments posted yet!